AoeStats
← DerTyp

Arena

510084745Analyzed
1v1 RM · 2d ago on Sep 29, 2026· 61m 34s· 2 players
Game mode
Random Map
Map size
Tiny (2 player)
Population
200
Speed
Normal
Resources
Standard
Victory
Conquest
Starting age
Dark Age
Ending age
Imperial Age
RankedLock teamsTeams togetherTeam positionsShared explorationLock speedFull tech treeHidden civsTurbo modeCheats
Victory
Defeat
🇩🇪 Danes · Germany
1170
+15
🇩🇪 Burgundians · Germany
1138
-15
DerTyp
4:13 Loom
11:59 Feudal Age
10:42 Double-Bit Axe
11:07 Horse Collar
17:02 Castle Age
15:42 Bow Saw
15:56 Stone Mining
15:58 Gold Mining
16:18 Heavy Plow
18:22 Wheelbarrow
18:25 Stone Shaft Mining
18:22 Husbandry
19:54 Gold Shaft Mining
20:03 Fervor
20:01 Cavalier
25:19 Scale Barding Armor
27:27 Forging
28:28 Chain Barding Armor
29:11 Iron Casting
29:18 Fletching
33:13 Imperial Age
31:55 Hand Cart
32:03 Padded Archer Armor
33:27 Leather Archer Armor
34:17 Two-Man Saw
33:37 Burgundian Vineyards
35:03 Chemistry
35:07 Crop Rotation
36:09 Blast Furnace
35:31 Elite Skirmisher
37:25 Paladin
39:49 Light Cavalry
41:35 Plate Barding Armor
42:46 Conscription
42:16 Elite Coustillier
44:55 Hussar
48:05 Bodkin Arrow
48:36 Ballistics
49:00 Capped Ram
mad_gunman
10:37 Feudal Age
14:40 Castle Age
12:48 Double-Bit Axe
13:05 Horse Collar
13:49 Gold Mining
18:20 Loom
20:04 Arson
23:08 Squires
23:12 Scale Mail Armor
23:20 Town Watch
24:24 Wheelbarrow
24:34 Heavy Plow
26:00 Hand Cart
26:44 Bow Saw
29:27 Imperial Age
26:28 Pikeman
27:25 Chain Mail Armor
27:21 Forging
27:36 Town Patrol
29:40 Halberdier
30:52 Plate Mail Armor
30:57 Iron Casting
31:42 Chemistry
30:49 Siege Engineers
31:11 Bow Saw
31:37 Stone Mining
32:23 Gold Shaft Mining
32:56 Stone Shaft Mining
33:49 Blast Furnace
32:40 Fletching
33:13 Ballistics
33:04 Masonry
34:12 Conscription
33:17 Hamask
33:44 Northmen's Fury
33:51 Onager
36:03 Siege Onager
39:11 Elite Skirmisher
39:57 Thumb Ring
39:55 Padded Archer Armor
39:51 Bodkin Arrow
40:54 Leather Archer Armor
41:28 Bracer
42:42 Ring Archer Armor
43:17 Murder Holes
48:03 Hoardings
49:38 Man-at-Arms
50:04 Gambesons
58:20 Cranequins
60:49 Long Swordsman
Connection lost

Rejoining the realm…

Still unreachable

The connection could not be restored.

Session expired

The server has moved on; the page needs a fresh start.